 Dungeon Crawl Stone Soup version 0.22-a0-467-g5c5de1c (webtiles) character file.

672 4thArraOfDagon the Chopper (level 7, 0/62 HPs)
             Began as a Hill Orc Fighter on June 10, 2018.
             Was an Initiate of Beogh.
             Slain by Prince Ribbit (11 damage)
             ... on level 6 of the Dungeon.
             The game lasted 00:04:14 (835 turns).

4thArraOfDagon the Chopper (Hill Orc Fighter)        Turns: 835, Time: 00:04:15

Health: 0/62       AC: 10    Str: 18 (19) XL:     7   Next: 58%
Magic:  10/10      EV:  9    Int:  7 (10) God:    Beogh [......]
Gold:   46         SH:  0    Dex:  8 (10) Spells: 6/6 levels left

rFire    . . .     SeeInvis .   n - +0 battleaxe
rCold    . . .     Gourm    .   (shield currently unavailable)
rNeg     . . .     Faith    .   b - +0 scale mail
rPois    .         Spirit   .   (no helmet)
rElec    .         Reflect  .   (no cloak)
rCorr    .         Harm     .   c - +2 pair of gloves
MR       .....                  (no boots)
Stlth    ..........             i - amulet of rage
HPRegen  0.20/turn              (no ring)
MPRegen  0.12/turn              (no ring)

@: berserk cooldown, hasted and slowed
A: no striking features
a: Renounce Religion, Evoke Berserk Rage


You were on level 6 of the Dungeon.
You worshipped Beogh.
Beogh was noncommittal.
You were not hungry.

You visited 1 branch of the dungeon, and saw 6 of its levels.

You collected 46 gold pieces.

Inventory:

Hand Weapons
 a - a +0 war axe
 n - a +0 battleaxe (weapon)
Armour
 b - a +0 scale mail (worn)
 c - a +2 pair of gloves (worn)
Jewellery
 i - an amulet of rage (around neck)
Scrolls
 k - a scroll of enchant weapon
Potions
 d - a potion of might
 l - a potion of haste
Comestibles
 f - a ration
 m - 2 chunks of flesh


   Skills:
 + Level 5.7 Fighting
 * Level 7.2 Axes
 - Level 3.6 Armour
 - Level 0.2 Dodging
   Level 3.2 Shields
 + Level 1.5 Invocations
 - Level 4.2 Evocations


You had 6 spell levels left.
You didn't know any spells.
Your spell library contained the following spells:

 Spells                   Type           Power        Failure   Level  Hunger
 Magic Dart               Conj           #...         82%         1    ##.....
 Iskenderun's Mystic Bla  Conj           #.......     100%        4    #####..
 Fulminant Prism          Conj/Hex       #.........   100%        4    #####..
 Dazzling Spray           Conj/Hex       #.....       99%         3    ####...
 Force Lance              Conj/Tloc      #.......     100%        4    #####..
 Searing Ray              Conj           #.....       91%         2    ###....


Dungeon Overview and Level Annotations

Branches:
Dungeon (6/15)
 Temple: D:4-7

Altars:

Annotations:
D:4 Muffinman's ghost, amateur MiFi
D:6 Prince Ribbit


Message History

Unknown command.
Some of the chunks of flesh in your inventory have rotted away.
Unknown command.
Prince Ribbit closely misses you.
There is a stone staircase leading down here.
Unknown command.
You closely miss Prince Ribbit.
Prince Ribbit is heavily wounded.
Prince Ribbit hits you. Prince Ribbit hits you!
Unknown command.
Your scale mail prevents you from hitting Prince Ribbit.
Prince Ribbit is heavily wounded.
Prince Ribbit hits you!
* * * LOW HITPOINT WARNING * * *
Prince Ribbit hits you but does no damage.
Unknown command.
You barely miss Prince Ribbit.
Prince Ribbit is heavily wounded.
Prince Ribbit closely misses you. Prince Ribbit hits you!
You die...

*,,,,,,,,,* *,,*
***,,,,,,..,** *### *,,*
,,,,,,,,,...,* ###..###
**,**
*,,,,,,,,#...*##......##
*,,*
**,,,,,,*#..[##........#
*,,****
*,,,,,***#......%.....#
**,,,,, **,,,,*
#............##**,,,,,,
****,*
##.............#*,,,,,,,
*,*##......@.......#,,,,,,,,
###
*.<#.......F........,*,,,,,,
..##
#..#................***,,,,,
...###..................#*
***,,,
....#*#........†.......##
***,
....###...............## **
.....##........†.=....#*
.....##................#*
.....##.............#...#*


You could see Prince Ribbit.

Vanquished Creatures
  A hippogriff (D:6)
  Menkaure (D:6)
  2 sky beasts
  A scorpion (D:5)
  Jessica (D:3)
  A worker ant (D:6)
  2 adders (D:2)
  2 shadow imps (D:6)
  An ooze (D:2)
  An adder zombie (D:6)
  A dart slug (D:2)
  2 leopard geckos
  4 orcs (D:3)
  2 giant cockroaches
  2 goblins
  A hobgoblin (D:1)
  7 jackals (D:6)
  3 quokkas (D:4)
  5 bats (D:2)
  5 frilled lizards
  2 kobolds (D:2)
  A rat (D:2)
48 creatures vanquished.

Vanquished Creatures (others)
  2 orc priests (D:6)
  3 orc wizards (D:6)
  An orc (D:6)
6 creatures vanquished.

Grand Total: 54 creatures vanquished

Notes
Turn   | Place    | Note
-------+----------+-------------------------------------------
     0 | D:1      | 4thArraOfDagon the Hill Orc Fighter began the quest for the Orb.
     0 | D:1      | Reached XP level 1. HP: 19/19 MP: 1/1
   168 | D:2      | Reached skill level 3 in Axes
   168 | D:2      | Reached XP level 2. HP: 12/27 MP: 2/2
   234 | D:2      | Reached XP level 3. HP: 22/33 MP: 3/3
   360 | D:3      | Reached skill level 1 in Evocations
   364 | D:3      | Noticed Jessica
   372 | D:3      | Killed Jessica
   372 | D:3      | Reached skill level 4 in Axes
   372 | D:3      | Reached XP level 4. HP: 28/40 MP: 3/5
   417 | D:5      | Entered Level 5 of the Dungeon
   417 | D:5      | Noticed a sky beast
   437 | D:5      | Killed a sky beast
   437 | D:5      | Reached skill level 5 in Axes
   437 | D:5      | Reached XP level 5. HP: 45/47 MP: 6/6
   511 | D:4      | Noticed Muffinman's ghost (amateur MiFi)
   517 | D:5      | Reached XP level 6. HP: 55/55 MP: 6/8
   623 | D:6      | Noticed a sky beast
   640 | D:6      | Killed a sky beast
   640 | D:6      | Reached skill level 5 in Fighting
   681 | D:6      | Became a worshipper of Beogh the Brigand
   705 | D:6      | Noticed a hippogriff
   716 | D:6      | Killed a hippogriff
   716 | D:6      | Reached skill level 6 in Axes
   716 | D:6      | Reached XP level 7. HP: 26/61 MP: 8/10
   808 | D:6      | Noticed Menkaure
   812 | D:6      | Noticed Prince Ribbit
   816 | D:6      | Killed Menkaure
   816 | D:6      | Reached skill level 7 in Axes
   816 | D:6      | Reached skill level 1 in Invocations
   835 | D:6      | Slain by Prince Ribbit

Vault maps used:
D:1:      lightli_arrival_statue_moat, feat_on_display
D:2:      chequers_ecumenical_altar_twisty
D:3:      uniq_jessica
D:4:      minmay_temple_entry_hall
D:5:      lemuel_doored_altar, first_ration
D:6:      uniq_menkaure, uniq_prince_ribbit1

Skill      XL: |  1  2  3  4  5  6  7 |
---------------+----------------------+-----
Fighting       | 4 5 |  5.7
Axes           | 3 4 5 6 7 |  7.2
Evocations     | 1 2 4 |  4.2
Invocations    | 1 |  1.5
Armour         | |  3.6
Dodging        | |  0.2
Shields        | |  3.2

Action                   |  1- 3 |  4- 6 |  7- 9 || total
-------------------------+-------+-------+-------++-------
Melee: War axe           |    79 |    34 |       ||   113
       Battleaxe         |       |     6 |    19 ||    25
Invok: Convert to Beogh  |       |     1 |       ||     1
 Abil: Evoke Berserk Rag |     1 |     4 |     1 ||     6
  Use: Potion            |       |     2 |     4 ||     6
       Scroll            |       |       |     3 ||     3
  Eat: Ration            |       |     1 |       ||     1
       Chunk             |       |       |     2 ||     2
Armor: Scale mail        |    33 |    29 |    12 ||    74
Dodge: Dodged            |    26 |    30 |    21 ||    77
Block: Shield            |    45 |    20 |       ||    65

Table legend:
 A = Spawn XP
 B = Non-spawn XP
 C = Spawn XP percentage of total XP
 D = Spawn monster count
 E = Non-spawn monster count
 F = Spawn count percentage of total count
 G = Total turns spent on level
                    A         B        C        D         E        F      G
               +---------+---------+-------+---------+---------+-------+---------
         Total |       0 |     960 |   0.0 |       0 |      48 |   0.0 |   835
               +---------+---------+-------+---------+---------+-------+---------
           D:1 |       0 |       6 |   0.0 |       0 |       3 |   0.0 |   159
           D:2 |       0 |      54 |   0.0 |       0 |      16 |   0.0 |   182
           D:3 |       0 |      53 |   0.0 |       0 |       8 |   0.0 |    52
           D:4 |       0 |       7 |   0.0 |       0 |       4 |   0.0 |    26
           D:5 |       0 |     205 |   0.0 |       0 |       3 |   0.0 |   189
           D:6 |       0 |     635 |   0.0 |       0 |      14 |   0.0 |   227
               +---------+---------+-------+---------+---------+-------+---------
